 Dungeon Crawl Stone Soup version 0.27.1-2-g3b301248ec (webtiles) character file.

Game seed: 1200104207996733732

6692 ABBCCCDDDD the Fighter (level 11, -7/77 HPs)
             Began as an Octopode Abyssal Knight on Sept 28, 2021.
             Was an Elder of Lugonu.
             Mangled by a two-headed ogre (16 damage)
             ... on level 8 of the Dungeon.
             The game lasted 00:33:34 (16296 turns).

ABBCCCDDDD the Fighter (Octopode Abyssal Knight)   Turns: 16296, Time: 00:33:35

Health: -7/77      AC:  1    Str: 11    XL:     11   Next: 3%
Magic:  0/17       EV: 17    Int: 18    God:    Lugonu [****..]
Gold:   508        SH:  5    Dex: 12    Spells: 9/18 levels left

rFire    . . .     SeeInvis .   t - +0 flail (protect)
rCold    . . .     Faith    .   x - +0 buckler
rNeg     . . .     Spirit   +   (helmet restricted)
rPois    .         Reflect  .   s - amulet of guardian spirit
rElec    .         Harm     .   C - +4 ring of evasion
rCorr    .         Rampage  .   (no ring)
Will     .....                  (no ring)
Stlth    ++++......             (no ring)
HPRegen  0.22/turn              (no ring)
MPRegen  0.15/turn              (no ring)
                                (no ring)
                                (no ring)

@: about to teleport, slowed, very slow
A: almost no armour, amphibious, 8 rings, camouflage 1, gelatinous body 1,
(nimble swimmer 1), tentacles
a: Renounce Religion, Depart the Abyss, Bend Space, Banish, Corrupt


You were on level 8 of the Dungeon.
You worshipped Lugonu.
Lugonu was greatly pleased with you.
You visited 2 branches of the dungeon, and saw 11 of its levels.
You visited the Abyss 1 time.
You also visited: Sewer.

You collected 508 gold pieces.

Inventory:

Hand Weapons
 t - a +0 flail of protection (weapon)
 v - a +2 morningstar
 y - a +2 mace of freezing
 E - a +2 glaive of protection
Missiles
 r - 34 poisoned darts (quivered)
Armour
 l - the +6 kite shield of the Unseen Realm {rN+ rCorr Str-3}
   (You found it on level 10 of the Dungeon)

   Str:       It affects your strength (-3).
   rN:        It protects you from negative energy.
   rCorr:     It protects you from acid and corrosion.
 x - a +0 buckler (worn)
Jewellery
 f - a ring of fire
 s - an amulet of guardian spirit (around mantle)
 C - a +4 ring of evasion (left tentacle)
Scrolls
 b - 5 scrolls of fog
 d - 6 scrolls of teleportation
 g - 2 scrolls of enchant armour
 h - 2 scrolls of vulnerability
 k - a scroll of immolation
 m - 2 scrolls of enchant weapon
 o - 5 scrolls of magic mapping
 q - a scroll of fear {unknown}
 B - 4 scrolls of identify
 F - a scroll of silence {unknown}
Potions
 a - a potion of lignification {unknown}
 c - 3 potions of haste
 e - a potion of attraction
 i - a potion of brilliance {unknown}
 j - 2 potions of ambrosia {unknown}
 n - 2 potions of resistance
 p - a potion of might
 u - a potion of invisibility {unknown}
 w - a potion of flight {unknown}
 z - a potion of magic {unknown}
 A - a potion of berserk rage {unknown}
 D - 2 potions of degeneration {unknown}


   Skills:
 - Level 8.0 Fighting
 - Level 3.1 Long Blades
 - Level 7.0 Maces & Flails
 - Level 2.3 Dodging
 - Level 5.0 Stealth
 - Level 4.0 Shields
 - Level 4.0 Spellcasting
 - Level 4.0 Conjurations
 - Level 2.0 Hexes
 + Level 1.6 Transmutations
 - Level 4.0 Fire Magic
 + Level 1.6 Earth Magic
 + Level 7.0 Invocations
 - Level 5.0 Evocations


You had 9 spell levels left.
You knew the following spells:

 Your Spells              Type           Power      Damage    Failure   Level
a - Foxfire               Conj/Fire      72%        2x1d7     2%          1
b - Slow                  Hex            10%        N/A       10%         2
c - Statue Form           Tmut/Erth      6%         N/A       100%        6

Your spell library contained the following spells:

 Spells                   Type           Power      Damage    Failure   Level
 Conjure Flame            Conj/Fire      18%        6-21      9%          3
 Passwall                 Tmut/Erth      7%         N/A       12%         2
 Inner Flame              Hex/Fire       14%        N/A       13%         3
 Confusing Touch          Hex            10%        N/A       19%         3
 Swiftness                Air            3%         N/A       41%         3
 Leda's Liquefaction      Hex/Erth       5%         N/A       56%         4
 Bolt of Magma            Conj/Fire/Erth 7%         4d6       73%         5
 Airstrike                Air            1%         N/A       82%         4
 Summon Lightning Spire   Summ/Air       3%         N/A       82%         4
 Lightning Bolt           Conj/Air       5%         1d17      87%         5
 Yara's Violent Unravell  Hex/Tmut       5%         3d4       89%         5
 Invisibility             Hex            5%         N/A       100%        6


Dungeon Overview and Level Annotations

Branches:
Dungeon (10/15)            Temple (0/1) D:5            Lair (0/6) D:10
    Orc (1/2) D:9           Sewer (visited)

Altars:
Okawaru
Trog

Annotations:
D:3 1 runed translucent door, Trampli's ghost, amateur GrFi
D:6 1 runed translucent door, Crazy Yiuf
D:7 2 transporters, 1 exclusion, 15bullets's ghost, novice FoFi
D:8 Gastronok
D:9 exclusion: downstairs
D:10 exclusion: two-headed ogre, Fannar; Josephine; Nergalle


Innate Abilities, Weirdness & Mutations

You cannot wear most types of armour.
You are amphibious.
You can wear up to eight rings at the same time.
Your skin changes colour to match your surroundings (Stealth+).
Your rubbery body absorbs attacks. (AC +1, EV +1)
((You are camouflaged near water. (Stealth+)))
You have tentacles for arms and can constrict up to eight enemies at once.


Message History

Casting: Foxfire (safe; 2% risk of failure)
Confirm with . or Enter, or press ? or * to list all spells.
You conjure some foxfire!
Casting: Foxfire (safe; 2% risk of failure)
Confirm with . or Enter, or press ? or * to list all spells.
You conjure some foxfire!
The foxfire hits the two-headed ogre but does no damage.
The foxfire hits the two-headed ogre.
The two-headed ogre is lightly wounded.
Your foxfire dissipates!
The foxfire hits the two-headed ogre.
The two-headed ogre is lightly wounded.
There is a stone staircase leading up, spattered with blood here.
The two-headed ogre hits you with a +0 great mace!!
The two-headed ogre misses you.
You climb upwards.
Level annotation: exclusion: downstairs
There is a stone staircase leading down, spattered with blood here.
There is a stone staircase leading up here.
The two-headed ogre hits you with a +0 great mace!!
The two-headed ogre hits you with a +0 giant club!!
* * * LOW HITPOINT WARNING * * *
You climb upwards.
Level annotation: Gastronok
There is a stone staircase leading down here.
As you read the scroll of teleportation, it crumbles to dust.
You feel strangely unstable.
Your surroundings suddenly seem different.
Gastronok gurgles horribly!
Gastronok looks at you and mumbles some strange words.
You feel yourself slow down.
As you read the scroll of teleportation, it crumbles to dust.
You feel strangely unstable.
Gastronok waves his eye-stalks in wide circles.
The air twists around and strikes you!!
* * * LOW HITPOINT WARNING * * *
You aren't carrying any items that you can evoke without wielding.
Unknown command.
The two-headed ogre hits you with a +0 great mace!!
You die...

## ###........##
#.#########.##.#
.# #...........#
#........).....#
.# #...........#
#.........####.#
####...........#
#.......### ##. #
#...........##
##......# ## #
#......)....#
##..###### #
#...........#
#..##
#.)....w....###.##
##.....>......O@##
##..............##
................#
........>......##
....#########[.#
##### ##.## #..#
##[## #..#


You could see Gastronok and a two-headed ogre.

Levels and vault maps discovered:
D:1:      lightli_arrival_chessboard, layout_loops_ring,
          hellmonk_ecumenical_altar_watching_god, minmay_misc_feat_five
D:2:      wad_lake_hut, layout_basic, serial_glass, glass_columns_a,
          glass_columns_a, glass_columns_b, glass_columns_c, glass_columns_a,
          glass_columns_b
D:3:      layout_loops_ring, ebering_ghost_inner_flame,
          minmay_misc_feat_columns, minmay_increasing_density
D:4:      cheibrodos_helix_gallery, layout_gridville, portal_sewer_entry_d
D:5:      layout_rooms, temple_pool_b
D:6:      layout_loops_cross, mainiacjoe_overflow_six_doors_small,
          okawaru_gym_becter, uniq_edmund, uniq_crazy_yiuf_cottage
D:7:      layout_cave_pools, gammafunk_ghost_berserking_beasts
D:8:      layout_cave_pods, uniq_maggie, uniq_gastronok
D:9:      layout_loops_cross, orc_0_dummy
D:10:     minmay_wavy_crystal, layout_basic, serial_shops, shop, serial_glass,
          glass_columns_a, glass_columns_b, unseen_surprise_small,
          minmay_misc_feat_square, minivault_10, uniq_erica, uniq_nergalle,
          uniq_josephine, uniq_fannar
Orc:1:    layout_diamond_mine

Notes
Turn   | Place    | Note
-------+----------+-------------------------------------------
     0 | Abyss:1  | ABBCCCDDDD the Octopode Abyssal Knight began the quest for
                  | the Orb.
     0 | Abyss:1  | Reached XP level 1. HP: 16/16 MP: 2/2
    38 | Abyss:1  | Noticed a thrashing horror
    61 | Abyss:1  | Noticed a raiju
    73 | Abyss:2  | Found an ancient bone altar of Kikubaaqudgha.
   107 | Abyss:2  | Noticed an ancient zyme
   108 | D:1      | Escaped the Abyss
   135 | D:1      | Noticed a shining eye
   141 | D:1      | Found a faded altar of an unknown god.
   343 | D:1      | Reached * piety under Lugonu
   344 | D:1      | Reached XP level 2. HP: 21/21 MP: 3/3
   351 | D:1      | Noticed an eye of devastation
   354 | D:1      | Noticed a floating eye
   354 | D:1      | Noticed an eye of devastation
   525 | D:1      | Learned a level 1 spell: Foxfire
   651 | D:1      | Reached skill level 1 in Stealth
   979 | D:1      | Reached XP level 3. HP: 26/26 MP: 4/4
  1702 | D:2      | Reached skill level 1 in Conjurations
  1702 | D:2      | Reached XP level 4. HP: 24/31 MP: 5/5
  1846 | D:2      | Reached skill level 1 in Fire Magic
  2874 | D:3      | Reached skill level 1 in Spellcasting
  2881 | D:3      | Reached ** piety under Lugonu
  3291 | D:3      | You fall into a shaft and drop 1 floor!
  3421 | D:4      | Reached XP level 5. HP: 33/36 MP: 6/6
  3620 | D:4      | Found a glowing drain.
  3644 | Sewer    | Entered a sewer
  4068 | Sewer    | Noticed Purgy
  4683 | D:4      | Noticed an ogre
  4710 | D:4      | Noticed a black bear
  4812 | D:5      | Entered Level 5 of the Dungeon
  4850 | D:5      | Found a staircase to the Ecumenical Temple.
  5064 | D:5      | Noticed a phantom
  5085 | D:5      | Noticed a black bear
  5140 | D:5      | Killed a black bear
  5141 | D:5      | Reached skill level 4 in Fighting
  5141 | D:5      | Reached skill level 1 in Maces & Flails
  5141 | D:5      | Reached XP level 6. HP: 25/43 MP: 1/8
  5403 | D:5      | Noticed a necrophage
  5736 | D:5      | Killed a necrophage
  5737 | D:5      | Reached XP level 7. HP: 49/49 MP: 3/10
  5802 | D:6      | Noticed Edmund
  5858 | D:6      | Found a bloodstained altar of Trog.
  5979 | D:6      | Noticed a two-headed ogre
  6200 | D:5      | Reached skill level 5 in Stealth
  6625 | D:6      | Found an iron altar of Okawaru.
  6793 | D:7      | Reached skill level 5 in Fighting
  6793 | D:7      | Reached skill level 1 in Evocations
  6793 | D:7      | Reached XP level 8. HP: 55/55 MP: 2/12
  6878 | D:7      | Noticed a moth of wrath
  6881 | D:7      | Noticed 15bullets's ghost (novice FoFi)
  6895 | D:7      | Found a transporter.
  6956 | D:7      | Reached *** piety under Lugonu
  7473 | D:7      | Found a transporter.
  7792 | D:7      | Identified the +3 hunting sling "Ymmadu" {vorpal, rF- Will+
                  | Str+2}
  8031 | D:8      | Noticed a wyvern
  8519 | D:8      | Noticed Maggie
  8614 | D:8      | Reached skill level 1 in Shields
  8615 | D:8      | Reached XP level 9. HP: 51/61 MP: 7/14
  9373 | D:8      | Killed Maggie
  9374 | D:8      | Reached skill level 6 in Fighting
 10236 | D:8      | Noticed Gastronok
 10416 | D:9      | Reached skill level 5 in Maces & Flails
 10696 | D:9      | Noticed a two-headed ogre
 10801 | D:9      | Found a staircase to the Orcish Mines.
 11164 | D:10     | Entered Level 10 of the Dungeon
 11220 | D:10     | Reached skill level 5 in Evocations
 11263 | D:10     | Noticed a two-headed ogre
 11338 | D:10     | Noticed Fannar
 11347 | D:9      | Reached XP level 10. HP: 23/68 MP: 2/16
 12343 | D:6      | Killed Edmund
 12465 | D:6      | Found a runed translucent door.
 12466 | D:6      | Noticed Crazy Yiuf
 13001 | D:6      | Killed a two-headed ogre
 13227 | D:4      | Reached skill level 7 in Fighting
 13425 | D:3      | Found a runed translucent door.
 13425 | D:3      | Noticed Trampli's ghost (amateur GrFi)
 13470 | D:3      | Reached **** piety under Lugonu
 14889 | D:9      | Learned a level 2 spell: Slow
 14912 | Orc:1    | Entered Level 1 of the Orcish Mines
 14914 | Orc:1    | Noticed an orc knight
 14980 | D:9      | Killed a two-headed ogre
 14981 | D:9      | Reached skill level 1 in Hexes
 14981 | D:9      | Reached skill level 5 in Invocations
 15658 | D:9      | Reached skill level 8 in Fighting
 15835 | D:10     | Noticed Josephine
 15843 | D:10     | Identified the +6 kite shield of the Unseen Realm {rN+
                  | rCorr Str-3}
 15887 | D:10     | Learned a level 6 spell: Statue Form
 15924 | D:10     | Reached skill level 1 in Transmutations
 15924 | D:10     | Reached skill level 1 in Earth Magic
 15924 | D:10     | Reached XP level 11. HP: 77/77 MP: 17/17
 15928 | D:10     | Found a staircase to the Lair.
 16034 | D:10     | Noticed Nergalle
 16296 | D:8      | Mangled by a two-headed ogre

Table legend: (Time is in decaauts)
 A = Elapsed time spent in this place.
 B = Non-inter-level travel time spent in this place.
 C = Inter-level travel time spent in this place.
 D = Time resting spent in this place.
 E = Time spent auto-exploring this place.
 F = Levels seen in this place.
 G = Mean time per level.
                   A        B        C        D        E       F      G
               +--------+--------+--------+--------+--------+-----+--------+
         Total |  16391 |  15271 |   1120 |   4942 |   6415 |  14 | 1170.8 |
       Dungeon |  15570 |  14450 |   1120 |   4562 |   6209 |  10 | 1557.0 |
  Orcish Mines |     23 |     23 |      0 |      0 |      0 |   1 |   23.0 |
         Abyss |    107 |    107 |      0 |      0 |      2 |   2 |   53.5 |
         Sewer |    690 |    690 |      0 |    380 |    204 |   1 |  690.0 |
               +--------+--------+--------+--------+--------+-----+--------+

Top non-repeatable levels by time:
     D:8: 2674 daAuts
     D:9: 2649 daAuts
     D:2: 1673 daAuts
     D:6: 1554 daAuts
     D:5: 1522 daAuts
     D:7: 1404 daAuts
     D:4: 1182 daAuts
     D:3: 1087 daAuts
     D:1: 1004 daAuts
    D:10: 817 daAuts
   Sewer: 690 daAuts
 Abyss:1: 72 daAuts
 Abyss:2: 35 daAuts
   Orc:1: 23 daAuts

Table legend:
 A = Kills in this place as a percentage of kills in entire the game.
 B = Kills by you in this place as a percentage of kills by you in the entire game.
 C = Kills by friends in this place as a percentage of kills by friends in the entire game.
 D = Other kills in this place as a percentage of other kills in the entire game.
 E = Experience gained in this place as a percentage of experience gained in the entire game.
 F = Experience gained in this place divided by the number of levels of this place that you have seen.
                   A       B       C       D       E      F
               +-------+-------+-------+-------+-------+----------------------
         Total | 100.0 | 100.0 |   N/A |   N/A | 100.0 | 682.9
       Dungeon |  95.9 |  95.9 |   N/A |   N/A |  99.5 | 950.9
  Orcish Mines |   0.5 |   0.5 |   N/A |   N/A |   0.4 |  41.0
         Sewer |   3.6 |   3.6 |   N/A |   N/A |   0.1 |  10.0
               +-------+-------+-------+-------+-------+----------------------

Action                   |  1- 3 |  4- 6 |  7- 9 | 10-12 || total
-------------------------+-------+-------+-------+-------++-------
Melee: Falchion          |    56 |    80 |       |       ||   136
       Constrict         |    16 |    32 |    26 |    21 ||    95
       Tentacles         |    10 |    20 |    33 |    29 ||    92
       Mace              |       |    21 |   161 |    17 ||   199
       Flail             |       |       |       |   166 ||   166
Throw: Dart              |       |    23 |     9 |    12 ||    44
 Cast: Foxfire           |       |    22 |   131 |    68 ||   221
Invok: Depart the Abyss  |     1 |       |       |       ||     1
Evoke: Wand              |       |       |     2 |     4 ||     6
  Use: Scroll            |     2 |       |     8 |     6 ||    16
       Potion            |       |       |     4 |     2 ||     6
 Stab: Sleeping          |    13 |    10 |     7 |     3 ||    33
       Paralysed         |       |       |    10 |     8 ||    18
Armor: Skin              |     6 |    12 |    54 |    35 ||   107
Dodge: Dodged            |    31 |    71 |   147 |   155 ||   404
Block: Buckler           |       |       |    26 |    42 ||    68
       Rpst.: Falchion   |    12 |     8 |       |       ||    20

Vanquished Creatures
  2 two-headed ogres
  Maggie (D:8)
  2 wyverns (D:8)
  5 yaks
  A steam dragon (D:8)
  Edmund (D:6)
  2 water moccasins
  2 black bears
  4 orc warriors
  2 ice beasts
  2 ogres
  A necrophage (D:5)
  A centaur (D:7)
  A phantom (D:5)
  A bullfrog (D:7)
  A scorpion (D:7)
  A wyvern zombie (D:8)
  8 killer bees
  12 wights
  2 howler monkeys (D:8)
  3 centaur zombies
  A jelly (D:6)
  2 hounds (D:7)
  7 orc priests
  2 bullfrog skeletons (D:6)
  2 centaur skeletons
  2 iguanas
  4 orc wizards
  3 howler monkey zombies
  7 adders
  A white imp (D:8)
  An adder skeleton (D:5)
  2 worms
  4 dart slugs
  32 orcs
  8 ball pythons
  5 bats
  9 endoplasms
  4 giant cockroaches
  9 goblins
  11 hobgoblins
  4 quokkas
  10 frilled lizards
  3 kobolds
  5 rats
193 creatures vanquished.

Vanquished Creatures (others)
  370 foxfires
  3 plants (D:2)
373 creatures vanquished.

Grand Total: 566 creatures vanquished
